 Dungeon Crawl Stone Soup version 0.30.0-19-g36f170ea60 (webtiles) character file.

Game seed: 14269529684244565183

33180 MacCMillion the Severer (level 12, 0/115 HPs)
             Began as a Minotaur Fighter on May 31, 2023.
             Was a Believer of Ru.
             Shot with an arrow by Nessos (18 damage)
             ... on level 5 of the Lair of Beasts.
             The game lasted 00:34:43 (16170 turns).

MacCMillion the Severer (Minotaur Fighter)         Turns: 16170, Time: 00:34:43

Health: 0/115      AC: 20    Str: 25    XL:     12   Next: 35%
Magic:  11/11      EV:  9    Int:  5    God:    Ru [**....]
Gold:   759        SH: 12    Dex: 11    Spells: 11/11 levels left

rFire   + + .        S - +2 war axe (freeze)
rCold   . . .        K - +0 kite shield
rNeg    . . .        r - +3 plate armour {rF+}
rPois   +            (helmet restricted)
rElec   .            (no cloak)
rCorr   .            (no gloves)
SInv    .            y - +0 pair of boots
Will    .....        (no amulet) Stlth
                     J - ring of poison resistance
HPRegen 0.39/turn    v - ring of protection from fire
MPRegen 0.12/turn

%: no passive effects
@: no status effects
A: horns 2, no air magic, no necromancy magic, no transmutations magic,
inexperienced 1, retaliatory headbutt
a: Renounce Religion


You were on level 5 of the Lair of Beasts.
You worshipped Ru.
Ru was pleased with you.
You visited 3 branches of the dungeon, and saw 16 of its levels.
You also visited: Volcano.

You collected 759 gold pieces.

Inventory:

Hand Weapons
 B - a +1 hand axe of flaming
 S - a +2 war axe of freezing (weapon)
Missiles
 E - 4 boomerangs (quivered)
 U - 5 datura-tipped darts
 X - 4 throwing nets
Armour
 c - a +0 tower shield
 r - a +3 plate armour of fire resistance (worn)
 y - a +0 pair of boots (worn)
 K - a +0 kite shield (worn)
Jewellery
 k - a +6 ring of dexterity
 t - a ring of ice
 v - a ring of protection from fire (right hand)
 G - a ring of positive energy
 H - a ring of resist corrosion
 J - a ring of poison resistance (left hand)
 O - a +4 ring of protection
Wands
 s - a wand of digging (12)
 L - a wand of flame (14)
 M - a wand of charming (13)
 N - a wand of roots (10)
 Q - a wand of light (8)
 V - a wand of mindburst (19)
 W - a wand of polymorph (14)
Scrolls
 a - 5 scrolls of vulnerability
 g - 2 scrolls of immolation
 i - a scroll of butterflies
 j - 4 scrolls of blinking
 l - 3 scrolls of enchant weapon
 m - 9 scrolls of teleportation
 n - a scroll of fear {unknown}
 o - 3 scrolls of noise
 p - 4 scrolls of fog
 q - 3 scrolls of amnesia
 x - 3 scrolls of enchant armour
 P - a scroll of magic mapping
 T - 3 scrolls of poison
Potions
 b - a potion of magic
 d - 5 potions of might
 e - a potion of berserk rage {unknown}
 f - 3 potions of lignification
 h - 7 potions of curing
 u - 2 potions of invisibility
 w - 3 potions of haste
 z - 4 potions of flight
 A - a potion of resistance
 C - 4 potions of ambrosia
 D - a potion of cancellation {unknown}
 F - 2 potions of brilliance {unknown}
 R - 2 potions of heal wounds
 Y - a potion of attraction {unknown}
 Z - a potion of mutation {unknown}
Miscellaneous
 I - a phantom mirror (inert)


   Skills:
 + Level 13.0 Fighting
 - Level 16.0 Axes
 + Level 13.0 Armour
 - Level 6.0 Dodging
 + Level 13.0 Shields


You had 11 spell levels left.
You didn't know any spells.
Your spell library contained the following spells:

 Spells                   Type           Power      Damage    Failure   Level
 Apportation              Tloc           0%         N/A       100%        1
 Summon Small Mammal      Summ           0%         N/A       100%        1
 Inner Flame              Hex/Fire       0%         N/A       100%        3
 Ozocubu's Armour         Ice            0%         N/A       100%        3
 Portal Projectile        Hex/Tloc       0%         N/A       100%        3
 Tukima's Dance           Hex            0%         N/A       100%        3
 Metabolic Englaciation   Hex/Ice        0%         N/A       100%        5
 Enfeeble                 Hex            0%         N/A       100%        7
 Necrotise                Necr           Unusable   1d4       N/A         1
 Blade Hands              Tmut           Unusable   N/A       N/A         5
 Yara's Violent Unravell  Hex/Tmut       Unusable   3d3       N/A         5
 Simulacrum               Ice/Necr       Unusable   N/A       N/A         6

Dungeon Overview and Level Annotations

Branches:
Dungeon (10/15)            Temple (1/1) D:6            Lair (5/5) D:9
 Shoals (0/4) Lair:2       Spider (0/4) Lair:2        Slime (0/5) Lair:4
Volcano (visited)
    Orc: D:9-12

Altars:
Dithmenos
Elyvilon
Fedhas
Gozag
Hepliaklqana
Makhleb
Nemelex Xobeh
Okawaru
Qazlal
Ru
Sif Muna
Trog
Wu Jian
Zin
The Shining One
Jiyva

Shops:
D:6 *

Annotations:
D:9 2 transporters
Lair:5 Nessos


Innate Abilities, Weirdness & Mutations

You have a pair of horns on your head.
You cannot study or cast Air magic.
You cannot study or cast Necromancy magic.
You cannot study or cast Transmutations magic.
You are somewhat inexperienced. (-1 XL)
You reflexively headbutt those who attack you in melee.


Message History

You feel very sick.
Nessos is stunned by your conviction and fails to attack.
Nessos unwields a +1 longbow of flaming.
It stops flaming.
Nessos hits you. Nessos kicks you but does no damage.
You slice Nessos!! You freeze Nessos!
Nessos is moderately wounded.
You feel sick.
Nessos mumbles some strange words.
Nessos blinks!
Nessos wields a +1 longbow of flaming.
It bursts into flame!
Nessos shoots an arrow.
The arrow hits you!
* * * LOW HITPOINT WARNING * * *
The arrow burns you.
* * * LOW HITPOINT WARNING * * *
You feel better.
Nessos shoots an arrow.
The arrow hits you.
* * * LOW HITPOINT WARNING * * *
You are poisoned.
Nessos pounds the earth with their hooves.
Nessos gestures wildly while chanting.
Nessos blinks!
You feel sick.
Nessos shoots an arrow.
You block the arrow.
Nessos shoots an arrow.
The arrow hits you!
* * * LOW HITPOINT WARNING * * *
The arrow burns you.
You are lethally poisoned!
* * * LOW HITPOINT WARNING * * *
You feel better.
You redirect Nessos's attack!
Nessos unwields a +1 longbow of flaming.
It stops flaming.
Nessos closely misses themself.
Nessos barely misses themself.
You slice Nessos!! You freeze Nessos.
Nessos is heavily wounded.
You block Nessos's attack. Nessos kicks you but does no damage.
Nessos casts a spell.
Nessos blinks!
Nessos wields a +1 longbow of flaming.
It bursts into flame!
Nessos shoots an arrow.
The arrow hits you but does no damage.
There is a stone staircase leading up here.
Nessos shoots an arrow.
The arrow hits you!!
You die...

#.#.......#....................
# ##.....#.#...................
##...............(.(........
#.................P((...[...
##.#..............P.........
##........................#
#..........P##...........#
##......§...####...........
###....c....@..P#...........#
♣........##.......#.........#
♣........#........#.........#
♣.........#......###........#
♣♣........###.....#........
♣........# ##............
♣♣...#.#####.#...........
♣...##.##.###........
♣♣............#......


You could see Nessos (fast).

Vanquished Creatures
  A red draconian (Volcano)
  A hydra (Lair:5)
  Harold (Lair:2)
  Erolcha (D:8)
  An ogre mage (Volcano)
  6 two-headed ogres
  Amaemon (Lair:3)
  Nergalle (Lair:2)
  Pikel (D:9)
  Joseph (D:8)
  Maurice (D:9)
  4 black mambas
  An orange demon (Lair:3)
  8 cane toads
  Maggie (D:8)
  2 rime drakes
  3 komodo dragons
  2 trolls (D:9)
  Prince Ribbit (D:6)
  11 blink frogs
  A culicivora (Lair:2)
  6 wyverns
  A shadow (D:9)
  48 yaks
  A wraith (D:9)
  Eustachio (D:6)
  10 fire bats
  2 basilisks (Lair:2)
  2 steam dragons
  An acid dragon (D:8)
  11 water moccasins
  3 ice beasts
  2 orc warriors
  A sky beast (D:7)
  3 black bears
  5 centaurs
  17 wolves
  4 lemures
  A phantom (D:5)
  12 bullfrogs
  4 scorpions
  8 wights
  3 howler monkeys
  3 electric eels (D:9)
  4 lava snakes (Volcano)
  6 hounds
  3 orc priests
  3 jellies
  A gnoll bouda (D:6)
  2 sleepcaps
  5 iguanas
  5 orc wizards
  7 gnolls
  4 adders
  A shadow imp (D:7)
  A white imp (D:7)
  2 ufetubi
  3 worms
  A dart slug (D:1)
  29 orcs
  8 endoplasms
  4 giant cockroaches
  5 goblins
  4 hobgoblins
  8 jackals (D:2)
  6 kobolds
  3 quokkas
  6 ball pythons
  5 bats
  2 frilled lizards
  9 rats
336 creatures vanquished.

Notes
Turn   | Place    | Note
-------+----------+-------------------------------------------
     0 | D:1      | MacCMillion the Minotaur Fighter began the quest for the
                  | Orb.
     0 | D:1      | Reached XP level 1. HP: 19/19 MP: 0/0
   167 | D:1      | Reached skill level 3 in Axes
   167 | D:1      | Reached XP level 2. HP: 20/26 MP: 1/1
   391 | D:1      | Reached XP level 3. HP: 30/31 MP: 2/2
   559 | D:1      | Found a faded altar of an unknown god.
   589 | D:1      | Reached skill level 4 in Axes
  1671 | D:3      | Reached XP level 4. HP: 39/39 MP: 3/3
  1674 | D:3      | Reached skill level 5 in Axes
  1892 | D:3      | Found a hazy altar of Hepliaklqana.
  1937 | D:3      | Found a burning altar of Makhleb.
  2392 | D:4      | Reached skill level 6 in Axes
  2392 | D:4      | Reached XP level 5. HP: 37/45 MP: 4/4
  2421 | D:4      | Noticed a black bear
  2442 | D:4      | Killed a black bear
  2443 | D:4      | Reached skill level 7 in Axes
  2484 | D:4      | Reached XP level 6. HP: 37/51 MP: 5/5
  2745 | D:4      | Reached skill level 8 in Axes
  2936 | D:5      | Entered Level 5 of the Dungeon
  3019 | D:5      | HP: 2/51 [orc/+0 flail (5)]
  3308 | D:5      | Reached skill level 9 in Axes
  3320 | D:5      | Reached XP level 7. HP: 54/57 MP: 6/6
  3465 | D:5      | Reached skill level 10 in Axes
  3647 | D:5      | Reached XP level 8. HP: 38/67 MP: 7/7
  4091 | D:6      | Noticed Prince Ribbit
  4117 | D:6      | Reached skill level 11 in Axes
  4121 | D:6      | Killed Prince Ribbit
  4122 | D:6      | Reached skill level 5 in Fighting
  4122 | D:6      | Reached skill level 5 in Armour
  4743 | D:6      | Found Ceff's Commerce Corner.
  4783 | D:6      | Reached skill level 12 in Axes
  4840 | D:6      | Reached skill level 1 in Dodging
  4840 | D:6      | Reached XP level 9. HP: 68/75 MP: 8/8
  4882 | D:6      | Found an iron altar of Okawaru.
  4964 | D:6      | Noticed Eustachio
  4976 | D:6      | Killed Eustachio
  5541 | D:7      | Reached skill level 13 in Axes
  6068 | D:8      | Noticed Joseph
  6140 | D:8      | Killed Joseph
  6141 | D:8      | Reached XP level 10. HP: 70/88 MP: 9/9
  6465 | D:8      | Reached skill level 14 in Axes
  6612 | D:8      | Noticed Maggie
  6624 | D:8      | Killed Maggie
  7307 | D:9      | Noticed a wolf spider
  7307 | D:9      | Noticed a death knight
  7307 | D:9      | Found a transporter.
  7333 | D:9      | Noticed a deep elf pyromancer
  7353 | D:9      | Reached skill level 15 in Axes
  7489 | D:9      | Noticed Erolcha
  7503 | D:9      | Noticed a manticore
  7866 | D:9      | Found a staircase to the Lair.
  8086 | D:9      | Noticed a manticore
  8188 | D:9      | Found a transporter.
  8205 | D:9      | Noticed Maurice
  8214 | D:9      | Reached XP level 11. HP: 97/97 MP: 10/10
  8222 | D:9      | Noticed Pikel
  8295 | D:9      | Killed Maurice
  8301 | D:9      | Killed Pikel
  8570 | D:8      | Killed Erolcha
  8797 | D:9      | Noticed a two-headed ogre
  8805 | D:9      | Killed a two-headed ogre
  8806 | D:9      | Reached skill level 10 in Fighting
  8806 | D:9      | Reached skill level 16 in Axes
  8806 | D:9      | Reached skill level 10 in Armour
  9112 | D:10     | Entered Level 10 of the Dungeon
  9370 | D:6      | Found a staircase to the Ecumenical Temple.
  9415 | Temple   | Entered the Ecumenical Temple
  9444 | Temple   | Became a worshipper of Ru the Awakened
  9581 | Lair:1   | Entered Level 1 of the Lair of Beasts
  9588 | Lair:1   | Reached skill level 5 in Shields
  9702 | Lair:1   | Reached skill level 5 in Dodging
 10774 | Lair:2   | Found a hole to the Spider Nest.
 11061 | Lair:2   | Gained mutation: You cannot study or cast Air magic. [Ru
                  | sacrifice]
 11061 | Lair:2   | Gained mutation: You cannot study or cast Transmutations
                  | magic. [Ru sacrifice]
 11061 | Lair:2   | Gained mutation: You cannot study or cast Necromancy magic.
                  | [Ru sacrifice]
 11061 | Lair:2   | Reached * piety under Ru
 11124 | Lair:2   | Found a staircase to the Shoals.
 11206 | Lair:2   | Reached XP level 12. HP: 83/106 MP: 11/11
 11295 | Lair:2   | Reached skill level 10 in Shields
 11509 | Lair:2   | Noticed Harold
 11528 | Lair:2   | Killed Harold
 11706 | Lair:2   | Noticed Nergalle
 11721 | Lair:2   | Killed Nergalle
 11847 | Lair:2   | Identified the +6 dagger of Wuntud {freeze, MP+9 Str+4
                  | Int-2 Dex+3}
 12339 | Lair:3   | Found a dark tunnel.
 12348 | Volcano  | Entered a volcano
 12723 | Volcano  | Noticed a two-headed ogre
 12723 | Volcano  | Noticed a two-headed ogre
 12765 | Volcano  | Killed a two-headed ogre
 12771 | Volcano  | Killed a two-headed ogre
 12893 | Volcano  | Noticed a two-headed ogre
 12893 | Volcano  | Noticed an ogre mage
 12897 | Volcano  | Noticed a two-headed ogre
 12913 | Volcano  | Killed a two-headed ogre
 12918 | Volcano  | Killed an ogre mage
 12931 | Volcano  | Killed a two-headed ogre
 13003 | Volcano  | Found a radiant altar of Vehumet.
 13019 | Volcano  | Noticed a red draconian
 13034 | Volcano  | Killed a red draconian
 13163 | Volcano  | Noticed a two-headed ogre
 13173 | Volcano  | Killed a two-headed ogre
 13281 | Volcano  | Found a burning altar of Makhleb.
 13792 | Lair:3   | Noticed Amaemon
 13951 | Lair:3   | Reached XP level 13. HP: 107/118 MP: 12/12
 14049 | Lair:3   | Killed Amaemon
 14469 | Lair:3   | Gained mutation: You are somewhat inexperienced. (-1 XL)
                  | [Ru sacrifice]
 14469 | Lair:3   | Reached XP level 12. HP: 106/113 MP: 11/11
 14469 | Lair:3   | Reached ** piety under Ru
 14716 | Lair:4   | Identified the +11 long sword of Xom's Outrage {flame,
                  | rPois Dex+3}
 14864 | Lair:4   | Found a viscous altar of Jiyva.
 15214 | Lair:4   | Found a staircase to the Slime Pits.
 15557 | Lair:5   | Entered Level 5 of the Lair of Beasts
 16143 | Lair:5   | Noticed Nessos
 16170 | Lair:5   | Shot with an arrow by Nessos

Illustrated notes

Levels and vault maps discovered:
D:1:      dpeg_arrival_tiny_a, layout_basic, ebering_ecumenical_altar_mist,
          minmay_misc_feat_hallway
D:2:      layout_basic, st_stairs_10, hangedman_decor_opposing
D:3:      layout_basic, mainiacjoe_overflow_24_doors,
          mainiacjoe_overflow_surrounded_room, kennysheep_generic_room_2
D:4:      layout_gridville
D:5:      layout_basic, minivault_14, hangedman_minor_gate_pass
D:6:      nicolae_BIG_FREAKIN_CUBE, layout_rooms,
          mainiacjoe_overflow_cross_hatched, minmay_temple_entry_fiery,
          minivault_10, nicolae_alphabet_shops, uniq_eustachio,
          uniq_prince_ribbit1
D:7:      layout_basic
D:8:      layout_basic, hangedman_abyss_or_decor_passed, uniq_joseph,
          uniq_maggie
D:9:      gammafunk_sealed_arena, layout_basic, erik_lair_island,
          kennysheep_generic_room_4, uniq_maurice, uniq_pikel, uniq_erolcha
D:10:     layout_cave_pods, gammafunk_ghost_stat_death
Temple:   compressed_dpeg_triangle_lava_temple
Lair:1:   layout_small_grid, chequers_serial_rivers_micro_c, grunt_megastairs_1
Lair:2:   layout_regular_city, shoals_dummy_entry, spider_nest_entry_rubble,
          uniq_nergalle, uniq_harold
Lair:3:   layout_cave_pods, nicolae_volcano_entry_batcave,
          nicolae_lair_lil_pond, uniq_amaemon
Lair:4:   layout_loops_ring, dpeg_slime_entry_enclosed
Lair:5:   minmay_lair_end_enchanted_forest, layout_hall_layers,
          lemuel_fruit_tree, grunt_megastairs_4, uniq_nessos

Skill      XL: |  1  2  3  4  5  6  7  8  9 10 11 12 |
---------------+-------------------------------------+-----
Axes           | 3 4 6 7 9 10 12 13 15 16 | 16.0
Shields        | 4 9 13 | 13.0
Armour         | 4 6 7 9 10 13 | 13.0
Fighting       | 4 6 7 9 10 13 | 13.0
Dodging        | 1 3 6 |  6.0

Action                     |  1- 3 |  4- 6 |  7- 9 | 10-12 | 13-15 || total
---------------------------+-------+-------+-------+-------+-------++-------
  Melee: War axe           |    56 |       |       |   455 |    25 ||   536
         Headbutt          |    14 |    17 |    73 |   144 |     5 ||   253
         Hand axe          |    32 |   100 |   290 |   206 |       ||   628
 Invoke: Sacrifice Arcana  |       |       |       |     1 |       ||     1
         Sacrifice Experie |       |       |       |     1 |       ||     1
  Evoke: Phantom mirror    |       |       |       |     1 |       ||     1
    Use: Potion            |       |     2 |       |     4 |       ||     6
         Scroll            |       |       |       |    20 |       ||    20
 Armour: Scale mail        |    29 |       |       |       |       ||    29
         Plate armour      |       |    47 |    92 |   234 |     9 ||   382
  Dodge: Dodged            |    41 |    33 |    58 |   183 |     2 ||   317
  Block: Buckler           |    20 |    19 |    51 |   114 |       ||   204
         Kite shield       |       |       |       |    60 |     9 ||    69
